[Event "ICC tourney 2533 (25 5)"]
[Site "Internet Chess Club"]
[Date "2021.04.25"]
[Round "6"]
[White "ENRIQUEZ, EULALIO:K09-16621387"]
[Black "BRINTON, LEVI:K09-16967461"]
[Result "1-0"]
[ICCResult "Black resigns"]
[WhiteElo "1071"]
[BlackElo "516"]
[Opening "Scotch game"]
[ECO "C45"]
[NIC "SO.04"]
[Time "13:10:26"]
[PlyCount "55"]
[TimeControl "1500+5"]

1. e4 e5 2. Nf3 Nc6 3. d4 exd4 4. Nxd4 Nxd4 5. Qxd4 d6 6. Nc3 Nf6 7. Bc4 c5
8. Qe3 Be6 9. Bxe6 fxe6 10. b3 Be7 11. Bb2 O-O 12. O-O-O Nd7 13. Qg3 Bg5+
14. Kb1 Be7 15. Nd5 g6 16. Nxe7+ Qxe7 17. Rxd6 Rxf2 18. Qxf2 Qxd6 19. Rf1
Rf8 20. Qe2 Rxf1+ 21. Qxf1 Qxh2 22. Qd3 Qc7 23. Qc3 e5 24. Qc4+ Kg7 25. Qe6
Kh6 26. Bc1+ Kg7 27. Qe7+ Kg8 28. Bh6 { Black resigns } 1-0

[Event "ICC tourney 2533 (25 5)"]
[Site "Internet Chess Club"]
[Date "2021.04.25"]
[Round "6"]
[White "ARJUN ARORA, PIERCE:K09-16016532"]
[Black "V MEHTA, SOHUM:K09-15597521"]
[Result "1-0"]
[ICCResult "Black checkmated"]
[WhiteElo "1016"]
[BlackElo "1439"]
[Opening "Sicilian: Smith-Morra gambit"]
[ECO "B21"]
[NIC "SI.48"]
[Time "13:09:53"]
[PlyCount "99"]
[TimeControl "1500+5"]

1. e4 c5 2. d4 cxd4 3. c3 Nc6 4. Nf3 dxc3 5. Bc4 e6 6. Nxc3 a6 7. O-O b5 8.
Bd3 Qc7 9. Be3 Nf6 10. e5 Nxe5 11. Nxe5 Qxe5 12. Re1 Qc7 13. Rc1 Qd8 14.
Qf3 d5 15. Bg5 Be7 16. Bxf6 Bxf6 17. Nxd5 O-O 18. Nxf6+ Qxf6 19. Qxa8 Bd7
20. Qe4 g6 21. Qe5 Qxe5 22. Rxe5 f6 23. Rec5 Rd8 24. h3 e5 25. Be4 f5 26.
Bc6 Bxc6 27. Rxc6 Ra8 28. Rc8+ Rxc8 29. Rxc8+ Kf7 30. Rc7+ Kf6 31. Ra7 Kg5
32. Rxa6 e4 33. Ra7 Kf4 34. Rxh7 e3 35. fxe3+ Kxe3 36. Rg7 f4 37. Rxg6 f3
38. gxf3 Kxf3 39. h4 b4 40. h5 b3 41. axb3 Ke2 42. h6 Kd2 43. h7 Kc2 44.
h8=Q Kd2 45. Qd8+ Ke3 46. Re6+ Kf4 47. Qf8+ Kg5 48. Re7 Kg6 49. Rg7+ Kh6
50. Qh8# { Black checkmated } 1-0

[Event "ICC tourney 2533 (25 5)"]
[Site "Internet Chess Club"]
[Date "2021.04.25"]
[Round "6"]
[White "RAJBHANDARI, NIRVANA:K09-16146937"]
[Black "JAMES, MATTHEW:K09-16417961"]
[Result "1-0"]
[ICCResult "Black resigns"]
[WhiteElo "1200"]
[BlackElo "1820"]
[Opening "Dutch with c4 & Nc3"]
[ECO "A85"]
[NIC "HD.05"]
[Time "13:11:50"]
[PlyCount "25"]
[TimeControl "1500+5"]

1. d4 f5 2. c4 Nf6 3. Nc3 e6 4. Nf3 d5 5. Bg5 Be7 6. e3 h6 7. Bxf6 Bxf6 8.
Bd3 O-O 9. O-O g5 10. Qb3 b6 11. cxd5 Bb7 12. dxe6 Bxf3 13. e7+ { Black
resigns } 1-0

[Event "ICC tourney 2533 (25 5)"]
[Site "Internet Chess Club"]
[Date "2021.04.25"]
[Round "6"]
[White "KURIAN ABHILASH, ALEN:K09-17188617"]
[Black "KROTOV, DAMIAN:K09-17105641"]
[Result "0-1"]
[ICCResult "White checkmated"]
[WhiteElo "1040"]
[BlackElo "1819"]
[Opening "Caro-Kann: two knights variation"]
[ECO "B10"]
[NIC "CK.01"]
[Time "13:12:45"]
[PlyCount "100"]
[TimeControl "1500+5"]

1. e4 c6 2. Nf3 d5 3. Nc3 dxe4 4. Nxe4 Nf6 5. Nxf6+ exf6 6. Bc4 Bd6 7. d3
O-O 8. O-O Bg4 9. h3 Bh5 10. d4 Nd7 11. Be2 Re8 12. Be3 Qc7 13. c3 Nb6 14.
Nh4 Bxe2 15. Qxe2 Nd5 16. Nf5 Bf4 17. g3 Bxe3 18. Nxe3 Nxe3 19. fxe3 Qxg3+
20. Qg2 Qxg2+ 21. Kxg2 Rxe3 22. Rae1 Rae8 23. Rxe3 Rxe3 24. Rf3 Rxf3 25.
Kxf3 Kf8 26. Kf4 Ke7 27. c4 Ke6 28. b4 b5 29. cxb5 cxb5 30. Ke4 g6 31. d5+
Kd6 32. Kd4 a6 33. a3 f5 34. h4 f6 35. Kd3 Kxd5 36. Ke3 Ke5 37. Kd3 g5 38.
hxg5 fxg5 39. Ke3 h5 40. Kf3 f4 41. Kf2 g4 42. Kg2 Ke4 43. Kf2 g3+ 44. Kg2
h4 45. Kg1 f3 46. Kh1 h3 47. a4 bxa4 48. b5 a3 49. b6 a2 50. b7 a1=R# {
White checkmated } 0-1

[Event "ICC tourney 2533 (25 5)"]
[Site "Internet Chess Club"]
[Date "2021.04.25"]
[Round "6"]
[White "ZHOU, ARTHUR:K09-17305955"]
[Black "ROGER JONES, DANIEL:K09-16813540"]
[Result "0-1"]
[ICCResult "White checkmated"]
[WhiteElo "105"]
[BlackElo "684"]
[Opening "Four knights: Spanish variation"]
[ECO "C48"]
[NIC "KP.03"]
[Time "13:12:29"]
[PlyCount "54"]
[TimeControl "1500+5"]

1. e4 e5 2. Nf3 Nc6 3. Nc3 Nf6 4. Bb5 a6 5. Bc4 Bc5 6. d4 Nxd4 7. Nxd4 exd4
8. Nd5 Nxd5 9. exd5 Bb4+ 10. c3 dxc3 11. bxc3 Bxc3+ 12. Bd2 Bxa1 13. Qxa1
Qe7+ 14. Be3 O-O 15. O-O Qb4 16. Bb3 d6 17. Bd4 f6 18. Be3 Qg4 19. h3 Qg6
20. Qc3 Bxh3 21. g3 Bxf1 22. Kxf1 Qb1+ 23. Bc1 Rae8 24. Qxc7 Rc8 25. Qxd6
Rxc1+ 26. Kg2 Qe4+ 27. Kh3 Rh1# { White checkmated } 0-1

[Event "ICC tourney 2533 (25 5)"]
[Site "Internet Chess Club"]
[Date "2021.04.25"]
[Round "6"]
[White "WEICHENG ZHANG, JUSTIN:K09-16253356"]
[Black "WANG, OLLI:K09-17042860"]
[Result "0-1"]
[ICCResult "White resigns"]
[WhiteElo "1355"]
[BlackElo "958"]
[Opening "QGD Slav: 4.Nc3"]
[ECO "D15"]
[NIC "SL.03"]
[Time "13:11:47"]
[PlyCount "62"]
[TimeControl "1500+5"]

1. d4 d5 2. c4 c6 3. Nc3 Nf6 4. Nf3 Bg4 5. Qb3 Qb6 6. cxd5 Qxb3 7. axb3
cxd5 8. Bf4 Nc6 9. Nb5 Rc8 10. Nc7+ Kd7 11. Nb5 a6 12. Nc3 Bxf3 13. gxf3
Nxd4 14. Bh3+ e6 15. O-O Nxb3 16. Rad1 Ke8 17. e4 d4 18. Ne2 Nh5 19. Bg5 h6
20. Bh4 g5 21. Bg3 Nxg3 22. fxg3 Rc2 23. Nxd4 Nxd4 24. Rxd4 Bc5 25. Kh1
Bxd4 26. Rd1 Bb6 27. Rd6 Bc7 28. Rd3 Ke7 29. Rb3 Rd8 30. Kg1 Rd1+ 31. Bf1
b5 { White resigns } 0-1

[Event "ICC tourney 2533 (25 5)"]
[Site "Internet Chess Club"]
[Date "2021.04.25"]
[Round "6"]
[White "ARAGONES, PIERO:K09-16941823"]
[Black "MORGAN, DRAKE:K09-17025296"]
[Result "1-0"]
[ICCResult "Black checkmated"]
[WhiteElo "607"]
[BlackElo "192"]
[Opening "Scandinavian (center counter) defense"]
[ECO "B01"]
[NIC "VO.17"]
[Time "13:10:34"]
[PlyCount "57"]
[TimeControl "1500+5"]

1. e4 d5 2. Nc3 e5 3. Nf3 Nc6 4. d3 Nf6 5. Bg5 h6 6. Bxf6 gxf6 7. Nxd5 Bg4
8. Nxf6+ Ke7 9. Nxg4 Qc8 10. Nfxe5 Nxe5 11. Nxe5 f6 12. Ng6+ Kf7 13. Nxh8+
Kg7 14. Ng6 Kxg6 15. Be2 Bb4+ 16. c3 Ba5 17. b4 Bb6 18. Bh5+ Kg7 19. O-O
Qd7 20. Re1 Qc6 21. d4 Qxc3 22. Re3 Qxd4 23. Rg3+ Kh7 24. Bg6+ Kg7 25. Bf5+
Kf7 26. Qb3+ Kf8 27. Qg8+ Ke7 28. Qe6+ Kd8 29. Rg8# { Black checkmated }
1-0

[Event "ICC tourney 2533 (25 5)"]
[Site "Internet Chess Club"]
[Date "2021.04.25"]
[Round "6"]
[White "GUO, FELIX:K09-17353890"]
[Black "BUTLER, BETTY:K09-17283280"]
[Result "0-1"]
[ICCResult "White resigns"]
[WhiteElo "1303"]
[BlackElo "357"]
[Opening "Sicilian: Anderssen variation"]
[ECO "B41"]
[NIC "SI.41"]
[Time "13:13:06"]
[PlyCount "60"]
[TimeControl "1500+5"]

1. e4 c5 2. Nf3 e6 3. d4 cxd4 4. Nxd4 Nf6 5. Nc3 Nc6 6. Nxc6 bxc6 7. Bg5
Qb6 8. Bd3 Qxb2 9. Na4 Qe5 10. f4 Qa5+ 11. c3 Ba6 12. Bxa6 Qxa6 13. Nb2
Nxe4 14. Bh4 Nxc3 15. Qd2 Ne4 16. Qd4 d5 17. Nd3 c5 18. Qe3 c4 19. Ne5 Bc5
20. Qf3 Bd4 21. Rc1 Qa5+ 22. Ke2 Qd2+ 23. Kf1 Qxc1+ 24. Ke2 Nc3+ 25. Qxc3
Qxc3 26. Ng4 Qd3+ 27. Ke1 c3 28. Ne3 Qxe3+ 29. Kf1 c2 30. g4 Qf3+ { White
resigns } 0-1

[Event "ICC tourney 2533 (25 5)"]
[Site "Internet Chess Club"]
[Date "2021.04.25"]
[Round "6"]
[White "BOWER, TEDDY:K09-16898513"]
[Black "NADYRSHIN, CHINGIZ:K09-15625751"]
[Result "0-1"]
[ICCResult "White checkmated"]
[WhiteElo "849"]
[BlackElo "1233"]
[Opening "Scandinavian (center counter) defense"]
[ECO "B01"]
[NIC "SD.01"]
[Time "13:11:23"]
[PlyCount "70"]
[TimeControl "1500+5"]

1. e4 d5 2. exd5 Qxd5 3. Nc3 Qa5 4. Nf3 Nf6 5. Bc4 Bf5 6. O-O e6 7. d4 c6
8. Bd2 Qc7 9. h3 Be7 10. Bg5 O-O 11. Bd3 Bxd3 12. Qxd3 Nbd7 13. Ne5 Nxe5
14. dxe5 Qxe5 15. Bxf6 Bxf6 16. Qd7 Rab8 17. Rfe1 Qf4 18. Qd3 Rfd8 19. Qe2
Rd2 20. Qe3 Qxe3 21. Rxe3 Rxc2 22. Rb1 Rd8 23. Ne4 Bd4 24. Rd3 f5 25. Rd2
Rxd2 26. Nxd2 Bxf2+ 27. Kxf2 Rxd2+ 28. Kg3 e5 29. a4 e4 30. b3 Kf7 31. Kf4
g6 32. g4 Kf6 33. g5+ Ke6 34. h4 Rd3 35. b4 Rf3# { White checkmated } 0-1

[Event "ICC tourney 2533 (25 5)"]
[Site "Internet Chess Club"]
[Date "2021.04.25"]
[Round "6"]
[White "SHAH, ROSHAN:K09-15246447"]
[Black "LEYTE VIDAL, BRANDON:K09-17196870"]
[Result "1-0"]
[ICCResult "Black checkmated"]
[WhiteElo "1320"]
[BlackElo "430"]
[Opening "Grünfeld with Bf4 & e3"]
[ECO "D93"]
[NIC "KI.80"]
[Time "13:09:55"]
[PlyCount "117"]
[TimeControl "1500+5"]

1. d4 Nf6 2. c4 g6 3. Nf3 Bg7 4. Bf4 d5 5. e3 O-O 6. Nc3 Nc6 7. Bd3 dxc4 8.
Bxc4 e6 9. O-O Bd7 10. e4 Nh5 11. Bg3 Nxg3 12. hxg3 Na5 13. Bd3 a6 14. Rc1
Qe7 15. d5 Bxc3 16. Rxc3 exd5 17. exd5 Qd6 18. Bb1 Qb4 19. Qc2 Bf5 20. Qc1
Bxb1 21. Qxb1 Rac8 22. Rfc1 Qd6 23. Qd3 Rfd8 24. b4 Qxb4 25. Rxc7 Rxc7 26.
Rxc7 Qb6 27. Qc3 Qb1+ 28. Kh2 Qf5 29. Qxa5 Rxd5 30. Qc3 Qh5+ 31. Nh4 Rd8
32. Qb3 g5 33. Qf3 Qxf3 34. Nxf3 g4 35. Ne5 Rf8 36. Nxg4 f5 37. Ne3 Kh8 38.
Rxb7 f4 39. Ng4 fxg3+ 40. fxg3 h5 41. Ne5 Re8 42. Ng6+ Kg8 43. Nf4 Re5 44.
Rb6 a5 45. Rh6 a4 46. Rxh5 Rxh5+ 47. Nxh5 Kf7 48. Nf4 Kf6 49. Nd3 Ke6 50.
Kh3 Kd5 51. g4 Kd4 52. Nb2 a3 53. Na4 Kd3 54. g5 Kc2 55. g6 Kb1 56. g7 Kxa2
57. g8=Q+ Kb1 58. Qg7 a2 59. Qb2# { Black checkmated } 1-0

[Event "ICC tourney 2533 (25 5)"]
[Site "Internet Chess Club"]
[Date "2021.04.25"]
[Round "6"]
[White "THOMAS, JOHNATHAN:K09-16893496"]
[Black "HAN, MATTHEW:K09-16312223"]
[Result "0-1"]
[ICCResult "White checkmated"]
[WhiteElo "927"]
[BlackElo "1320"]
[Opening "Giuoco Pianissimo: Canal variation"]
[ECO "C50"]
[NIC "IG.02"]
[Time "13:12:12"]
[PlyCount "110"]
[TimeControl "1500+5"]

1. e4 e5 2. Nf3 Nc6 3. Bc4 Bc5 4. d3 Nf6 5. Nc3 d6 6. Bg5 h6 7. Bh4 Bg4 8.
h3 Bh5 9. g4 Bg6 10. Nd5 Nb4 11. Nf4 exf4 12. a3 Nc6 13. Bb5 a6 14. Bxc6+
bxc6 15. Qe2 O-O 16. e5 Re8 17. d4 Ba7 18. Qd2 dxe5 19. dxe5 Qxd2+ 20. Kxd2
Ne4+ 21. Ke1 Nc5 22. Rc1 Nd7 23. Kf1 Nxe5 24. Nh2 Be4 25. Rg1 Ng6 26. f3
Nxh4 27. fxe4 Bxg1 28. Kxg1 Rxe4 29. Rd1 Rae8 30. Kf1 Re2 31. Kg1 Re1+ 32.
Rxe1 Rxe1+ 33. Kf2 Rb1 34. b3 Rb2 35. Nf1 Rxc2+ 36. Ke1 f3 37. g5 f2+ 38.
Kd1 Ra2 39. b4 hxg5 40. a4 Rxa4 41. b5 axb5 42. Kc2 Ra2+ 43. Kd1 Ra1+ 44.
Ke2 Rxf1 45. Kxf1 b4 46. Kxf2 b3 47. Ke2 b2 48. Kd2 b1=Q 49. Ke2 Qb3 50.
Kf2 Qf3+ 51. Ke1 Ng2+ 52. Kd2 Qe3+ 53. Kd1 Qf2 54. h4 Ne3+ 55. Kc1 Qc2# {
White checkmated } 0-1

[Event "ICC tourney 2533 (25 5)"]
[Site "Internet Chess Club"]
[Date "2021.04.25"]
[Round "6"]
[White "HANKE, HARVEY:K09-17137475"]
[Black "SUN, YIYI:K09-16380808"]
[Result "1-0"]
[ICCResult "Black checkmated"]
[WhiteElo "752"]
[BlackElo "1133"]
[Opening "King's gambit"]
[ECO "C30"]
[NIC "KG.05"]
[Time "13:12:01"]
[PlyCount "111"]
[TimeControl "1500+5"]

1. e4 e5 2. f4 d6 3. Nf3 Bg4 4. Nc3 Nd7 5. Bc4 Ngf6 6. d3 c6 7. O-O Qb6+ 8.
Kh1 Be7 9. h3 Bxf3 10. Qxf3 h5 11. Qg3 g6 12. a3 h4 13. Qe1 Nh5 14. f5 Ng3+
15. Kh2 Nxf1+ 16. Qxf1 O-O-O 17. Bxf7 gxf5 18. exf5 Kb8 19. Qf3 Rhf8 20.
Be6 Nc5 21. Ba2 d5 22. b4 Qc7 23. bxc5 e4+ 24. Qf4 Qxf4+ 25. Bxf4+ Ka8 26.
dxe4 dxe4 27. Nxe4 Rd4 28. Re1 Bxc5 29. Nxc5 Rxf4 30. Ne6 Re8 31. Nc7+ Kb8
32. Nxe8 b5 33. f6 a5 34. f7 Kc8 35. Nd6+ Kc7 36. Re8 Rxf7 37. Nxf7 c5 38.
Re5 a4 39. Rxc5+ Kb6 40. Rd5 b4 41. axb4 Kb7 42. Ra5 a3 43. Rxa3 Kc7 44.
Rc3+ Kb8 45. Rc4 Ka7 46. Rxh4 Ka6 47. g4 Kb5 48. g5 Ka4 49. g6 Kb5 50. g7
Kc6 51. g8=Q Kd7 52. Qd8+ Kc6 53. Rc4+ Kb7 54. Nd6+ Ka7 55. Qa5+ Kb8 56.
Rc8# { Black checkmated } 1-0

[Event "ICC tourney 2533 (25 5)"]
[Site "Internet Chess Club"]
[Date "2021.04.25"]
[Round "6"]
[White "WANG, JOSEPH Y:K09-15722256"]
[Black "DAVID, ADRIAN:K09-17191302"]
[Result "1-0"]
[ICCResult "Black checkmated"]
[WhiteElo "1419"]
[BlackElo "738"]
[Opening "Two knights defense"]
[ECO "C58"]
[NIC "KP.01"]
[Time "13:12:29"]
[PlyCount "67"]
[TimeControl "1500+5"]

1. e4 e5 2. Nf3 Nc6 3. Bc4 Nf6 4. Ng5 d5 5. exd5 Na5 6. Bb5+ c6 7. dxc6
bxc6 8. Bd3 h6 9. Ne4 Nxe4 10. Bxe4 Qd4 11. d3 Bc5 12. O-O O-O 13. Be3 Qd6
14. Nc3 f5 15. Bf3 Bb6 16. Nb5 Qg6 17. Bxb6 axb6 18. Qe2 Be6 19. Nc3 Qf6
20. Rfe1 Rfe8 21. Qxe5 Qg6 22. Qd6 Rad8 23. Qf4 c5 24. Nb5 Bd7 25. Nc7 Rf8
26. Bd5+ Kh8 27. Ne6 Bxe6 28. Rxe6 Qh5 29. c4 b5 30. Rae1 bxc4 31. dxc4 g5
32. Qe5+ Kh7 33. Re7+ Kg6 34. Qg7# { Black checkmated } 1-0

[Event "ICC tourney 2533 (25 5)"]
[Site "Internet Chess Club"]
[Date "2021.04.25"]
[Round "6"]
[White "SKYRIDGE MIDDLE SCHOOL FONG, ADAM:K09-15742580"]
[Black "VUTUKURY, DHRUVA:K09-15485164"]
[Result "0-1"]
[ICCResult "White checkmated"]
[WhiteElo "384"]
[BlackElo "930"]
[Opening "Sicilian: Canal-Sokolsky attack, 3...Bd7"]
[ECO "B52"]
[NIC "SI.01"]
[Time "13:13:23"]
[PlyCount "122"]
[TimeControl "1500+5"]

1. e4 c5 2. Nf3 d6 3. Bb5+ Bd7 4. Bxd7+ Nxd7 5. Nc3 Ngf6 6. d4 cxd4 7. Nxd4
g6 8. Be3 Bg7 9. Nf3 O-O 10. Nd5 Nxe4 11. Ng5 Nxg5 12. Bxg5 Qa5+ 13. c3 e6
14. Ne3 Qxg5 15. Qxd6 Nb6 16. O-O Be5 17. Qc5 Bxh2+ 18. Kh1 Qxc5 19. Kxh2
Nd5 20. Ng4 Kg7 21. Ne5 Qd6 22. f4 Nxf4 23. Rxf4 Qxe5 24. Rf1 Rad8 25. Kh3
Rd3+ 26. R4f3 Rxf3+ 27. Rxf3 Qh5+ 28. Kg3 Qxf3+ 29. Kxf3 Rd8 30. Ke4 Rd2
31. Ke3 Rxb2 32. Kd4 Rxa2 33. c4 Rxg2 34. Kc5 Rc2 35. Kb4 Rxc4+ 36. Kxc4 h5
37. Kd4 h4 38. Ke3 a5 39. Kf3 a4 40. Kg4 a3 41. Kxh4 a2 42. Kg5 a1=Q 43.
Kf4 Qa5 44. Kg4 Qf5+ 45. Kh4 b5 46. Kg3 b4 47. Kh4 b3 48. Kg3 b2 49. Kh4
b1=Q 50. Kg3 Qb3+ 51. Kh2 Qb8+ 52. Kh1 Qh2+ 53. Kxh2 Qf4+ 54. Kg2 Qe3 55.
Kh2 Qf3 56. Kg1 Qe2 57. Kh1 Kf6 58. Kg1 Kg5 59. Kh1 Kg4 60. Kg1 Kg3 61. Kh1
Qg2# { White checkmated } 0-1

[Event "ICC tourney 2533 (25 5)"]
[Site "Internet Chess Club"]
[Date "2021.04.25"]
[Round "6"]
[White "PRASAD DAS, BISHAL:K09-17120700"]
[Black "SARVASYA, VIKAS:K09-15488033"]
[Result "0-1"]
[ICCResult "White checkmated"]
[WhiteElo "797"]
[BlackElo "1187"]
[Opening "Sicilian: closed"]
[ECO "B23"]
[NIC "SI.44"]
[Time "13:12:00"]
[PlyCount "94"]
[TimeControl "1500+5"]

1. e4 c5 2. Nc3 d6 3. d3 Nc6 4. Nf3 Nf6 5. Be3 Bg4 6. Be2 e6 7. h3 Bxf3 8.
Bxf3 d5 9. e5 Nxe5 10. Ne2 Nxf3+ 11. gxf3 Bd6 12. Qd2 e5 13. O-O-O h6 14.
f4 e4 15. dxe4 d4 16. Bxd4 cxd4 17. e5 Bxe5 18. fxe5 Ne4 19. Qxd4 Qxd4 20.
Rxd4 Ng5 21. h4 Ne6 22. Rg4 O-O 23. Rd1 Rad8 24. Rxd8 Rxd8 25. b3 Rd5 26.
Re4 Nc5 27. Rc4 Rxe5 28. Rxc5 Rxc5 29. Nd4 Rh5 30. c4 Rxh4 31. Nb5 a6 32.
Nd6 b6 33. Nb7 Rf4 34. Kb2 Rxf2+ 35. Ka3 Rd2 36. c5 bxc5 37. Nxc5 a5 38.
Ka4 Rd5 39. Nb7 f5 40. Nxa5 f4 41. b4 f3 42. b5 f2 43. b6 f1=Q 44. b7 Qb5+
45. Ka3 Qxa5+ 46. Kb2 Qb5+ 47. Ka3 Rd3# { White checkmated } 0-1

[Event "ICC tourney 2533 (25 5)"]
[Site "Internet Chess Club"]
[Date "2021.04.25"]
[Round "6"]
[White "KRISHNA VANA, JESHWANT:K09-17291927"]
[Black "TENNENT, RICHARD:K09-15622641"]
[Result "0-1"]
[ICCResult "White resigns"]
[WhiteElo "354"]
[BlackElo "786"]
[Opening "Queen's pawn game, Chigorin variation"]
[ECO "D02"]
[NIC "QP.08"]
[Time "13:11:51"]
[PlyCount "88"]
[TimeControl "1500+5"]

1. d4 d5 2. Nf3 Nc6 3. e3 Bg4 4. Bd3 Nf6 5. O-O e5 6. dxe5 Nxe5 7. Be2
Nxf3+ 8. Bxf3 Bf5 9. Re1 Bc5 10. e4 dxe4 11. Qxd8+ Rxd8 12. Be2 O-O 13. Nc3
Rfe8 14. Bf4 c6 15. Bc7 Rd7 16. Be5 Rxe5 17. h3 b5 18. g4 Bg6 19. h4 e3 20.
Rf1 exf2+ 21. Rxf2 Bxf2+ 22. Kxf2 Bxc2 23. Bd1 Nxg4+ 24. Bxg4 Rd2+ 25. Kf1
b4 26. Ne2 Rd1+ 27. Rxd1 Bxd1 28. Ke1 h5 29. Bf3 Rf5 30. Be4 Re5 31. Bf3
Bxe2 32. Bxe2 Rxe2+ 33. Kxe2 Kh7 34. Kd3 Kh6 35. Kc4 g5 36. hxg5+ Kxg5 37.
Kxb4 h4 38. a4 h3 39. Kc5 h2 40. Kxc6 h1=Q+ 41. Kb5 Qb1 42. Kc6 Qxb2 43. a5
Qb4 44. a6 Qb6+ { White resigns } 0-1

[Event "ICC tourney 2533 (25 5)"]
[Site "Internet Chess Club"]
[Date "2021.04.25"]
[Round "6"]
[White "JIANG, MATHEW:K09-15949698"]
[Black "TANN, KEVIN:K09-16685678"]
[Result "1-0"]
[ICCResult "Black checkmated"]
[WhiteElo "1822"]
[BlackElo "142"]
[Opening "Queen's pawn"]
[ECO "A40"]
[NIC "QO.17"]
[Time "13:12:10"]
[PlyCount "35"]
[TimeControl "1500+5"]

1. d4 c6 2. Nf3 d5 3. e3 f6 4. c4 Be6 5. c5 Bf7 6. b4 Nd7 7. Be2 b5 8. Nc3
a6 9. a4 Nh6 10. Ba3 Qc7 11. O-O O-O-O 12. axb5 axb5 13. Bb2 Kb7 14. Qb3
Ra8 15. Rxa8 Kxa8 16. Ra1+ Kb7 17. Qa3 e5 18. Qa8# { Black checkmated } 1-0

[Event "ICC tourney 2533 (25 5)"]
[Site "Internet Chess Club"]
[Date "2021.04.25"]
[Round "6"]
[White "KIM, JOON:K09-16270585"]
[Black "LI, HARVEY:K09-16806831"]
[Result "0-1"]
[ICCResult "White checkmated"]
[WhiteElo "1182"]
[BlackElo "1756"]
[Opening "Scandinavian defense"]
[ECO "B01"]
[NIC "SD.03"]
[Time "13:10:01"]
[PlyCount "94"]
[TimeControl "1500+5"]

1. e4 d5 2. exd5 Nf6 3. d4 Bg4 4. Nf3 Qxd5 5. Nc3 Qh5 6. Be2 Nc6 7. h3
O-O-O 8. O-O Bxf3 9. Bxf3 Qf5 10. Bxc6 bxc6 11. Qe2 Qa5 12. Bd2 Rxd4 13.
Ne4 Qb5 14. Qxb5 cxb5 15. Nxf6 exf6 16. Be3 Rc4 17. Rac1 Bc5 18. b3 Bxe3
19. fxe3 Re4 20. Rfe1 Rhe8 21. Kf2 Kb7 22. Rcd1 Kc6 23. Kf3 a5 24. Re2 f5
25. Rd4 Rxd4 26. exd4 Rxe2 27. Kxe2 Kd5 28. Ke3 g5 29. g3 h5 30. Kd3 b4 31.
c4+ bxc3 32. Kxc3 f4 33. gxf4 g4 34. hxg4 h4 35. Kd2 h3 36. g5 h2 37. f5
h1=Q 38. g6 fxg6 39. fxg6 Qg2+ 40. Kd3 Qxg6+ 41. Kc3 Qe4 42. Kb2 Qxd4+ 43.
Ka3 Qb4+ 44. Kb2 Kd4 45. Kc2 Qa3 46. Kb1 Kc3 47. b4 Qb2# { White checkmated
} 0-1

[Event "ICC tourney 2533 (25 5)"]
[Site "Internet Chess Club"]
[Date "2021.04.25"]
[Round "6"]
[White "CLEM, THOMAS:K09-15706482"]
[Black "WANG, ETHAN:K09-15914623"]
[Result "1-0"]
[ICCResult "Black resigns"]
[WhiteElo "873"]
[BlackElo "1409"]
[Opening "Sicilian: Kan, Maróczy bind (Réti variation)"]
[ECO "B41"]
[NIC "SI.41"]
[Time "13:13:13"]
[PlyCount "49"]
[TimeControl "1500+5"]

1. e4 c5 2. Nf3 e6 3. d4 cxd4 4. Nxd4 a6 5. c4 Nf6 6. Nc3 Qc7 7. a3 d6 8.
Be3 Nbd7 9. f3 Be7 10. g4 O-O 11. g5 Ne8 12. f4 f6 13. Nxe6 Qb8 14. Nxf8
Nxf8 15. f5 fxg5 16. Qd5+ Kh8 17. Qf7 Nf6 18. Qxe7 Bd7 19. Bxg5 Ng8 20. Qf7
Be8 21. Qxf8 Qc7 22. O-O-O Rd8 23. Nd5 Qd7 24. Rg1 Rb8 25. Ne7 { Black
resigns } 1-0

[Event "ICC tourney 2533 (25 5)"]
[Site "Internet Chess Club"]
[Date "2021.04.25"]
[Round "6"]
[White "SRIADITYA KUNAPULI, SIDDARTH:K09-16368693"]
[Black "JOHN KIM, ANDREW:K09-16142364"]
[Result "1-0"]
[ICCResult "Black checkmated"]
[WhiteElo "1533"]
[BlackElo "995"]
[Opening "Caro-Kann: Panov-Botvinnik attack, 5...e6"]
[ECO "B14"]
[NIC "CK.03"]
[Time "13:12:05"]
[PlyCount "45"]
[TimeControl "1500+5"]

1. e4 c6 2. d4 d5 3. exd5 cxd5 4. c4 Nf6 5. Nc3 e6 6. Nf3 Nc6 7. c5 b6 8.
Bb5 Bb7 9. Ne5 Qc7 10. Qa4 Rc8 11. Bf4 Nh5 12. Nxc6 Nxf4 13. Nxa7+ Kd8 14.
Nxc8 Bxc8 15. O-O bxc5 16. dxc5 Bxc5 17. Rac1 d4 18. Ne4 Nh5 19. Rxc5 Qf4
20. Qxd4+ Ke7 21. Rfc1 f5 22. Rc7+ Kf8 23. Qd8# { Black checkmated } 1-0

[Event "ICC tourney 2533 (25 5)"]
[Site "Internet Chess Club"]
[Date "2021.04.25"]
[Round "6"]
[White "BINOY JANI, DEVEN:K09-16503178"]
[Black "COOKE, GRAYSON:K09-15001077"]
[Result "0-1"]
[ICCResult "White resigns"]
[WhiteElo "1185"]
[BlackElo "1713"]
[Opening "French: exchange variation"]
[ECO "C01"]
[NIC "FR.01"]
[Time "13:10:29"]
[PlyCount "80"]
[TimeControl "1500+5"]

1. e4 e6 2. d4 d5 3. exd5 exd5 4. Bd3 Nf6 5. Bg5 Be7 6. Nf3 h6 7. Bf4 O-O
8. h3 c5 9. c3 Qb6 10. Qc1 cxd4 11. cxd4 Nc6 12. Be3 Nb4 13. Be2 Bf5 14.
Bd1 Nd3+ 15. Kf1 Nxc1 16. Bxc1 Rac8 17. Nc3 Bd3+ 18. Kg1 Rxc3 19. bxc3 Ne4
20. Bb3 Nxc3 21. Be3 Ne2+ 22. Kh2 Rd8 23. Ne5 Bd6 24. Rhd1 Be4 25. Rd2 Nc3
26. Rc1 Bxe5+ 27. dxe5 Qa5 28. Bd4 Nb5 29. Be3 d4 30. Bf4 g5 31. Re2 Bxg2
32. Kxg2 gxf4 33. e6 Nd6 34. exf7+ Nxf7 35. Re7 Qg5+ 36. Kh2 Qxe7 37. Rg1+
Kf8 38. Rg4 Qe5 39. Kg2 d3 40. Rg7 Kxg7 { White resigns } 0-1

[Event "ICC tourney 2533 (25 5)"]
[Site "Internet Chess Club"]
[Date "2021.04.25"]
[Round "6"]
[White "GOLSEFIDY, SEPEHR:K09-16686975"]
[Black "NI, DAVID:K09-16357865"]
[Result "1-0"]
[ICCResult "Black resigns"]
[WhiteElo "1882"]
[BlackElo "1453"]
[Opening "two knights: Max Lange attack"]
[ECO "C55"]
[NIC "KP.02"]
[Time "13:12:53"]
[PlyCount "89"]
[TimeControl "1500+5"]

1. e4 e5 2. Nf3 Nc6 3. Bc4 Nf6 4. d4 exd4 5. O-O Bc5 6. e5 d5 7. exf6 dxc4
8. Re1+ Be6 9. Ng5 Qxf6 10. Nxe6 fxe6 11. Qh5+ g6 12. Qxc5 Rf8 13. f3 O-O-O
14. Bg5 Rd5 15. Qxd5 exd5 16. Bxf6 Rxf6 17. a3 Kd7 18. Nd2 Kd6 19. Re2 Rf7
20. Rae1 Kc5 21. g3 c3 22. bxc3 dxc3 23. Nb3+ Kb5 24. Rd1 Kc4 25. f4 a5 26.
a4 Rd7 27. Re4+ dxe4 28. Rxd7 e3 29. Kf1 Kb4 30. Rxc7 Kxa4 31. Rxb7 Ka3 32.
Rb6 Nb4 33. Nxa5 Nxc2 34. Rb3+ Ka4 35. Rxc3 e2+ 36. Kxe2 Nd4+ 37. Kd3 Nb5
38. Rc5 Kxa5 39. Kc4 h5 40. Rxb5+ Ka4 41. Rg5 h4 42. gxh4 Ka3 43. Kc3 Ka4
44. Rd5 g5 45. Rxg5 { Black resigns } 1-0

[Event "ICC tourney 2533 (25 5)"]
[Site "Internet Chess Club"]
[Date "2021.04.25"]
[Round "6"]
[White "SKY MOERLIEN, PUWIT:K09-15664335"]
[Black "BALAMURUGAN, ABHIJAY:K09-16913354"]
[Result "1-0"]
[ICCResult "Black checkmated"]
[WhiteElo "1671"]
[BlackElo "1026"]
[Opening "QGA, 4.e3"]
[ECO "D25"]
[NIC "QG.08"]
[Time "13:12:09"]
[PlyCount "79"]
[TimeControl "1500+5"]

1. d4 d5 2. c4 dxc4 3. Nf3 Nf6 4. e3 Nc6 5. Bxc4 Bf5 6. O-O e6 7. Nc3 Bb4
8. Qe2 O-O 9. Rd1 Re8 10. Bb5 a6 11. Bxc6 bxc6 12. Bd2 Rb8 13. a3 Bxc3 14.
Bxc3 Ra8 15. Ne5 Qd6 16. Bb4 Qd5 17. Rac1 Nd7 18. Nxc6 a5 19. Be1 Bg6 20.
f3 Rec8 21. Ne7+ Kf8 22. Nxd5 exd5 23. Bg3 c6 24. Bd6+ Kg8 25. b4 axb4 26.
axb4 Nf6 27. Ra1 Rxa1 28. Rxa1 Bh5 29. g4 Bg6 30. h4 h5 31. g5 Ne8 32. Bc5
Nc7 33. Qa2 Nb5 34. Qa6 Bf5 35. Qxc8+ Bxc8 36. Ra8 Kh7 37. Rxc8 Kg6 38.
Rxc6+ Kf5 39. Bf8 g6 40. Rf6# { Black checkmated } 1-0